[Event "7° Torneo Sociale ASCID"]
[Site "Skype/telefono/FICS"]
[Date "2022.01.15"]
[Round "1"]
[White "Trapletti, Cosetta"]
[Black "Antonini, Franco"]
[Result "0-1"]
[WhiteElo "1245"]
[BlackElo "2082"]
[TimeControl "5400"]
[ECO "A40"]
[Opening "Modern defence"]
[PlyCount "28"]
[EventDate "2022.01.10"]
[EventRounds "7"]
[EventCountry "ITA"]
[Annotator "Bersca0.53"]

1. d4 g6 2. Bf4 Bg7 3. e4 c5 4. Nf3 Qb6 5. c4 cxd4 6. b3 d3 7. Bxd3 Bxa1 8. Nbd2
Bg7 9. e5 Nc6 10. Qc2 Nh6 11. O-O O-O 12. h3 Nb4 13. Qb2 Nxd3 14. Bg3 Nxb2 0-1

[Event "7° Torneo Sociale ASCID"]
[Site "Skype/telefono/FICS"]
[Date "2022.01.16"]
[Round "1"]
[White "Micocci, Lucia"]
[Black "Cassano, Mariangela"]
[Result "1-0"]
[WhiteElo "999"]
[BlackElo "999"]
[TimeControl "5400"]
[ECO "C50"]
[Opening "Hungarian defence"]
[PlyCount "85"]
[EventDate "2022.01.10"]
[EventRounds "7"]
[EventCountry "ITA"]
[Annotator "Bersca0.53"]

1. e4 e5 2. Nf3 Nc6 3. Bc4 Be7 4. d3 d6 5. c3 Nf6 6. O-O O-O 7. Nbd2 b6 8. Qa4
b5 9. Qxb5 a6 10. Qa4 Na7 11. Qd1 c6 12. Bb3 d5 13. exd5 cxd5 14. Nxe5 Bd6 15.
d4 Bb7 16. h3 Qe7 17. Ndf3 Rfe8 18. Bf4 Nh5 19. Bg3 Nf6 20. Bh4 g5 21. Bxg5 h6
22. Bxf6 Qxf6 23. Qe2 Kf8 24. Ng4 Qg7 25. Rae1 h5 26. Qxe8+ Rxe8 27. a3 hxg4 28.
Nh4 f5 29. Nxf5 Qf6 30. Bxd5 Bxd5 31. Ne3 Bf4 32. Nxd5 Qe5 33. dxe5 Bxe5 34. Nb6
Bc7 35. Nd7+ Kf7 36. h4 Re7 37. Nc5 Bb6 38. Nxa6 Rxe1 39. Rxe1 Bxf2+ 40. Kxf2
Nc6 41. h5 Kg7 42. Re6 Ne5 43. Rxe5 1-0

[Event "7° Torneo Sociale ASCID"]
[Site "Skype/telefono/FICS"]
[Date "2022.01.17"]
[Round "1"]
[White "Tolaro, Filippa"]
[Black "Baratta, Giuseppe"] 
[Result "0-1"]
[WhiteElo "1335"]
[BlackElo "999"]
[TimeControl "5400"]
[ECO "A04"]
[Opening "Reti opening"]
[PlyCount "128"]
[EventDate "2022.01.10"]
[EventRounds "7"]
[EventCountry "ITA"]
[Annotator "Bersca0.53"]

1. Nf3 Nc6 2. d4 d5 3. b3 Nf6 4. Bb2 e6 5. e3 Be7 6. Bd3 O-O 7. Nbd2 b6 8. c4
Ba6 9. O-O b5 10. cxb5 Nb4 11. Bc2 Bxb5 12. Re1 Bd3 13. Bxd3 Nxd3 14. Re2 Nxb2
15. Qc2 Ba3 16. Nb1 Qd6 17. Ne5 Rfe8 18. Nd3 Nxd3 19. Nxa3 Nb4 20. Qc5 Rad8 21.
Nb5 Nd3 22. Qc3 Ne4 23. Qxd3 Qc6 24. Rc2 Qd7 25. Rxc7 Qxc7 26. Nxc7 Re7 27. Rc1
Rc8 28. Qf1 Nd2 29. Qd1 Ne4 30. Nb5 Rb8 31. Rc7 Ree8 32. Nxa7 Nd6 33. Nc6 Rb5
34. Rd7 Nc8 35. Qf1 Rb6 36. a4 Rxc6 37. b4 Nb6 38. Ra7 Nc4 39. b5 Nd2 40. Qd1
Rcc8 41. b6 Nc4 42. b7 Rb8 43. Ra8 Nb2 44. Ra7 Nxd1 45. Ra8 Rxa8 46. bxa8=Q Rxa8
47. g4 Rxa4 48. h4 Ra2 49. Kf1 Rxf2+ 50. Ke1 Rh2 51. Kxd1 Rxh4 52. g5 Rh1+ 53.
Ke2 h5 54. Kf2 h4 55. Kg2 Ra1 56. e4 dxe4 57. Kf2 Ra3 58. Kg2 h3+ 59. Kh2 e3 60.
Kg1 e2 61. Kf2 h2 62. Kxe2 h1=Q 63. Kf2 Qh2+ 64. Ke1 Ra1# 0-1

[Event "7° Torneo Sociale ASCID"]
[Site "Skype/telefono/FICS"]
[Date "2022.01.22"]
[Round "1"]
[White "Marinò, Giuseppe"]
[Black "Maccaferri, Massimo"]
[Result "1/2-1/2"]
[WhiteElo "1339"]
[BlackElo "1074"]
[TimeControl "5400"]
[ECO "C24"]
[Opening "Bishop's opening"]
[Variation "Berlin defence"]
[PlyCount "62"]
[EventDate "2022.01.10"]
[EventRounds "7"]
[EventCountry "ITA"]
[Annotator "Bersca0.53"]

1. e4 e5 2. Bc4 Nf6 3. d3 d5 4. exd5 Nxd5 5. Qh5 Be6 6. Qxe5 c6 7. Nf3 Bd6 8.
Qe2 b5 9. Bb3 h6 10. O-O Rg8 11. Bd2 Nb4 12. Bxb4 Bxb4 13. Bxe6 fxe6 14. Qxe6+
Kf8 15. Qf5+ Ke8 16. Re1+ Bxe1 17. Qe4+ Qe7 18. Qxe7+ Kxe7 19. Nxe1 Re8 20. Nc3
Na6 21. a3 Nc5 22. Nf3 Kf8 23. Kf1 Re7 24. h3 Rae8 25. Rb1 Na4 26. Nxa4 bxa4 27.
Rc1 Re2 28. Nd4 Rd2 29. Nf3 Rde2 30. Nd4 Rd2 31. Nf3 Rde2  1/2-1/2

[Event "7° Torneo Sociale ASCID"]
[Site "Skype/telefono/FICS"]
[Date "2022.01.28"]
[Round "2"]
[White "Baratta, Giuseppe"]  
[Black "Antonini, Franco"]
[Result "0-1"]
[WhiteElo "999"]
[BlackElo "2082"]
[TimeControl "5400"]
[ECO "A00"]
[Opening "Mieses opening"]
[PlyCount "32"]
[EventDate "2022.01.10"]
[EventRounds "7"]
[EventCountry "ITA"]
[Annotator "Bersca0.53"]

1. d3 d5 2. e3 e5 3. Nf3 Nc6 4. Nc3 f5 5. h3 Nf6 6. a3 Bd6 7. Be2 O-O 8. O-O e4
9. dxe4 fxe4 10. Nd2 Ne5 11. f3 exf3 12. Nxf3 c6 13. Bd2 Qe7 14. Re1 Nh5 15.
Nxe5 Qxe5 16. Bxh5 Qh2# 0-1

[Event "7° Torneo Sociale ASCID"]
[Site "Skype/telefono/FICS"]
[Date "2022.02.01"]
[Round "2"]
[White "Cassano, Mariangela"]  
[Black "Tolaro, Filippa"]
[Result "0-1"]
[WhiteElo "999"]
[BlackElo "1335"]
[TimeControl "5400"]
[ECO "D00"]
[Opening "Queen's pawn game"]
[PlyCount "68"]
[EventDate "2022.01.10"]
[EventRounds "7"]
[EventCountry "ITA"]
[Annotator "Bersca0.53"]

1. d4 d5 2. e3 Nf6 3. Nf3 Bg4 4. Bd3 e6 5. c4 c6 6. b3 Bb4+ 7. Nbd2 Bc3 8. Rb1
Qa5 9. O-O Qxa2 10. Rb2 Bxb2 11. Bxb2 Qxb2 12. Qc2 Qxc2 13. Bxc2 O-O 14. Re1 Na6
15. Bd1 c5 16. h3 Bf5 17. e4 dxe4 18. Bc2 exf3 19. Nxf3 Bxc2 20. Re2 Bd3 21. Re3
Bc2 22. Rxe6 fxe6 23. Nd2 cxd4 24. b4 Nxb4 25. c5 Rac8 26. Nc4 Rxc5 27. Nd6 Re5
28. Nxb7 Re1+ 29. Kh2 Be4 30. Nd6 Re2 31. f3 Bxf3 32. Kg3 Bxg2 33. Nf5 Ne4+ 34.
Kh4 Rxf5 0-1

[Event "7° Torneo Sociale ASCID"]
[Site "Skype/telefono/FICS"]
[Date "2022.01.30"]
[Round "2"]
[White "Marinò, Giuseppe"]  
[Black "Trapletti, Cosetta"]
[Result "1-0"]
[WhiteElo "1339"]
[BlackElo "1245"]
[TimeControl "5400"]
[ECO "D00"]
[Opening "Queen's pawn game"]
[PlyCount "105"]
[EventDate "2022.01.10"]
[EventRounds "7"]
[EventCountry "ITA"]
[Annotator "Bersca0.53"]

1. d4 d5 2. e3 Nf6 3. Nf3 Bf5 4. c3 e6 5. Be2 c5 6. O-O Be7 7. Nh4 Ne4 8. Nxf5
exf5 9. Nd2 Nd7 10. Nf3 O-O 11. a3 b6 12. dxc5 bxc5 13. Qxd5 g6 14. Qd1 Qc7 15.
Qc2 c4 16. Qa4 Nb6 17. Qc2 Rad8 18. Nd2 Nd5 19. Nxe4 fxe4 20. Qxe4 Rd7 21. Bxc4
Nf6 22. Qf4 Bd6 23. Qxf6 Bxh2+ 24. Kh1 Be5 25. Qh4 Rd6 26. Be2 Bf6 27. Qh3 Qc6
28. Rb1 Qc7 29. e4 Re8 30. Bf4 Rxe4 31. Bxd6 Qd8 32. Qd3 Qe8 33. Bf3 Rh4+ 34.
Kg1 Be5 35. Bxe5 Qxe5 36. Rfe1 Qh2+ 37. Kf1 Kg7 38. Re4 g5 39. Rxh4 gxh4 40. Be4
Kf6 41. Qh3 Qf4 42. Qf3 Kg5 43. Qxf4+ Kxf4 44. Re1 Kg4 45. c4 Kf4 46. Bxh7 Kg4
47. c5 h3 48. gxh3+ Kxh3 49. c6 Kg4 50. c7 f5 51. c8=Q Kg5 52. Qxf5+ Kh4 53.
Re4# 1-0

[Event "7° Torneo Sociale ASCID"]
[Site "Skype/telefono/FICS"]
[Date "2022.02.01"]
[Round "2"]
[White "Maccaferri, Massimo"]  
[Black "Micocci, Lucia"]
[Result "1-0"]
[WhiteElo "1074"]
[BlackElo "999"]
[TimeControl "5400"]
[ECO "A01"]
[Opening "Nimzovich-Larsen attack"]
[PlyCount "55"]
[EventDate "2022.01.10"]
[EventRounds "7"]
[EventCountry "ITA"]
[Annotator "Bersca0.53"]

1. b3 d6 2. e4 e5 3. Ba3 Nd7 4. d4 exd4 5. Qxd4 d5 6. Bxf8 Kxf8 7. exd5 Qe8+ 8.
Be2 Ngf6 9. Nc3 Nb6 10. Nb5 Qd8 11. c4 Bd7 12. O-O-O Bxb5 13. cxb5 Nbxd5 14. Bf3
c6 15. Ne2 Rc8 16. Kb1 Qb6 17. bxc6 Qxc6 18. Rc1 Qe8 19. Rhe1 g6 20. Nf4 Rd8 21.
Rxe8+ Rxe8 22. Nxd5 Nxd5 23. Qxh8+ Ke7 24. Re1+ Kd8 25. Qxe8+ Kc7 26. Bxd5 b6
27. Qc6+ Kb8 28. Re8# 1-0

[Event "7° Torneo Sociale ASCID"]
[Site "Skype/telefono/FICS"]
[Date "2022.02.09"]
[Round "3"]
[White "Antonini, Franco]  
[Black "Cassano, Mariangela"]
[Result "1-0"]
[WhiteElo "2082"]
[BlackElo "999"]
[TimeControl "5400"]
[ECO "C44"]
[Opening "Scotch opening"]
[PlyCount "45"]
[EventDate "2022.01.10"]
[EventRounds "7"]
[EventCountry "ITA"]
[Annotator "Bersca0.53"]

1. e4 e5 2. Nf3 Nc6 3. d4 Nf6 4. Bg5 Be7 5. d5 O-O 6. dxc6 Nxe4 7. Bxe7 Qxe7 8.
cxd7 Qxd7 9. Qe2 Nf6 10. Nxe5 Qe7 11. Nc3 b6 12. O-O-O Bb7 13. Qb5 Qd8 14. Rxd8
Raxd8 15. Bc4 a6 16. Qb3 b5 17. Bxf7+ Kh8 18. Ne2 Bxg2 19. Nf4 Bxh1 20. Neg6+
hxg6 21. Nxg6+ Kh7 22. Qh3+ Nh5 23. Qxh5# 1-0

[Event "7° Torneo Sociale ASCID"]
[Site "Skype/telefono/FICS"]
[Date "2022.02.19"]
[Round "3"]
[White "Trapletti, Cosetta"]
[Black "Baratta, Giuseppe"]
[Result "1-0"]
[WhiteElo "1245"]
[BlackElo "999"]
[TimeControl "5400"]
[ECO "A20"]
[Opening "English opening"]
[PlyCount "69"]
[EventDate "2022.01.10"]
[EventRounds "7"]
[EventCountry "ITA"]
[Annotator "Bersca0.53"]

1. c4 e5 2. e4 Bc5 3. Nf3 d6 4. d4 exd4 5. Nxd4 Nf6 6. f3 Nc6 7. Nxc6 bxc6 8.
Bf4 O-O 9. Nc3 Rb8 10. b3 Bb4 11. Rc1 c5 12. Be2 c6 13. O-O Nh5 14. Bxd6 Rb7 15.
Bxf8 Qxf8 16. e5 Rd7 17. Bd3 Nf4 18. Qc2 Nxd3 19. Rcd1 Qe8 20. Rfe1 Ba5 21. Rxd3
Bc7 22. f4 Qe6 23. h3 Qg6 24. Ne4 f5 25. Nxc5 Bb6 26. e6 Bxc5+ 27. Kf1 Re7 28.
Rd8+ Re8 29. Rxe8+ Qxe8 30. Qxf5 Bb4 31. Re2 Bxe6 32. Rxe6 Qf7 33. Qe5 Bc3 34.
Qb8+ Qf8 35. Re8 1-0

[Event "7° Torneo Sociale ASCID"]
[Site "Skype/telefono/FICS"]
[Date "2022.02.17"]
[Round "3"]
[White "Tolaro, Filippa"]
[Black "Maccaferri, Massimo"]
[Result "0-1"]
[WhiteElo "1335"]
[BlackElo "1074"]
[TimeControl "5400"]
[ECO "A04"]
[Opening "Reti opening"]
[PlyCount "94"]
[EventDate "2022.01.10"]
[EventRounds "7"]
[EventCountry "ITA"]
[Annotator "Bersca0.53"]

1. Nf3 Nc6 2. d4 e5 3. e3 Qe7 4. Be2 e4 5. d5 exf3 6. Bxf3 Ne5 7. Be2 Qg5 8. O-O
d6 9. e4 Bh3 10. Bxg5 Bd7 11. Nc3 h6 12. Bf4 Ng6 13. Bg3 h5 14. Bxh5 Nf6 15. Re1
Nxh5 16. Ne2 O-O-O 17. c4 Be7 18. h3 Rh6 19. Qd3 Rdh8 20. Qf3 Nxg3 21. Nxg3 Bxh3
22. gxh3 Rxh3 23. Kf1 Bh4 24. Qg4+ Kb8 25. Qxh3 Bf6 26. Qg4 Bxb2 27. Rab1 Bc3
28. Rec1 Bd4 29. Nh5 Ne5 30. Qxg7 Re8 31. Nf4 Nf3 32. Rb4 Bxg7 33. Ne6 fxe6 34.
c5 dxc5 35. Rxc5 Bf8 36. d6 Bxd6 37. Rb3 Nd2+ 38. Ke2 Nxb3 39. Rh5 Nd4+ 40. Kd3
e5 41. a4 c5 42. Rh6 Rc8 43. Rxd6 c4+ 44. Kc3 Ne2+ 45. Kd2 Nd4 46. Kc3 a6 47.
Re6 Nxe6 0-1

[Event "7° Torneo Sociale ASCID"]
[Site "Skype/telefono/FICS"]
[Date "2022.02.012"]
[Round "3"]
[White "Micocci, Lucia]
[Black "Marinò, Giuseppe"]
[Result "0-1"]
[WhiteElo "999"]
[BlackElo "1339"]
[TimeControl "5400"]
[ECO "B00"]
[Opening "Owen defence"]
[PlyCount "32"]
[EventDate "2022.01.10"]
[EventRounds "7"]
[EventCountry "ITA"]
[Annotator "Bersca0.53"]

1. e4 b6 2. Nc3 Bb7 3. d3 e6 4. Be2 d5 5. exd5 exd5 6. Nf3 Bb4 7. Bd2 Nf6 8. Ne5
Bxc3 9. Bxc3 d4 10. Nc4 dxc3 11. O-O Nd5 12. Ne5 cxb2 13. Rb1 Nc3 14. Qd2 Nxb1
15. Rxb1 Qd5 16. f4 Qxg2# 0-1

[Event "7° Torneo Sociale ASCID"]
[Site "Skype/telefono/FICS"]
[Date "2022.02.20"]
[Round "4"]
[White "Maccaferri, Massimo"]
[Black "Antonini, Franco"]
[Result "0-1"]
[WhiteElo "1074"]
[BlackElo "2082"]
[TimeControl "5400"]
[ECO "B00"]
[Opening "KP"]
[Variation "Nimzovich defence"]
[PlyCount "32"]
[EventDate "2022.01.10"]
[EventRounds "7"]
[EventCountry "ITA"]
[Annotator "Bersca0.53"]

1. e4 Nc6 2. b3 e5 3. Ba3 Bxa3 4. Nxa3 Nf6 5. Qf3 Nd4 6. Qd3 O-O 7. O-O-O d5 8.
c3 dxe4 9. Qg3 Qe7 10. cxd4 Qxa3+ 11. Kb1 exd4 12. Qxc7 Bf5 13. Bc4 b5 14. Bxb5
Rac8 15. Qxc8 Rxc8 16. Rc1 Rxc1# 0-1

[Event "7° Torneo Sociale ASCID"]
[Site "Skype/telefono/FICS"]
[Date "2022.02.28"]
[Round "4"]
[White "Marinò, Giuseppe"]
[Black "Tolaro, Filippa"]
[Result "1-0"]
[WhiteElo "1339"]
[BlackElo "1335"]
[TimeControl "5400"]
[ECO "D02"]
[Opening "Queen's pawn game"]
[PlyCount "123"]
[EventDate "2022.01.10"]
[EventRounds "7"]
[EventCountry "ITA"]
[Annotator "Bersca0.53"]

1. d4 d5 2. Nf3 Bf5 3. e3 Nf6 4. Be2 e6 5. O-O Bd6 6. Re1 O-O 7. Nh4 Bg6 8. Nxg6
fxg6 9. Nd2 e5 10. dxe5 Bxe5 11. Nf3 Bd6 12. Bd3 Nc6 13. e4 dxe4 14. Bxe4 Nxe4
15. Qd5+ Kh8 16. Qxe4 Qe8 17. Qh4 Qf7 18. Ng5 Qxf2+ 19. Qxf2 Rxf2 20. Kxf2 Rf8+
21. Kg1 Bc5+ 22. Be3 Be7 23. Rf1 Bf6 24. Bc5 Re8 25. Nf3 h6 26. c3 b6 27. Bd4
Be7 28. Rae1 a5 29. Ne5 Nd8 30. Nxg6+ Kh7 31. Rxe7 Rg8 32. Rf8 Rxf8 33. Nxf8+
Kg8 34. Nd7 Nc6 35. Rxg7+ Kh8 36. Rg4+ Nxd4 37. Rxd4 Kg7 38. Kf2 c5 39. Rd6 b5
40. Kf3 c4 41. Kf4 Kf7 42. Ke5 b4 43. cxb4 axb4 44. Re6 c3 45. bxc3 bxc3 46. Rc6
Ke7 47. Rxc3 Kxd7 48. Rc5 Ke7 49. Rd5 Kf7 50. Rd6 h5 51. h4 Ke7 52. Kd5 Kf7 53.
Re6 Kg7 54. Ke5 Kf7 55. Kf5 Kf8 56. Kf6 Kg8 57. Re7 Kf8 58. a3 Kg8 59. Rf7 Kh8
60. Kg6 Kg8 61. Rf6 Kh8 62. Rf8# 1-0

[Event "7° Torneo Sociale ASCID"]
[Site "Skype/telefono/FICS"]
[Date "2022.02.25"]
[Round "4"]
[White "Micocci, Lucia"]
[Black "Trapletti, Cosetta"]
[Result "0-1"]
[WhiteElo "999"]
[BlackElo "1245"]
[TimeControl "5400"]
[ECO "C26"] 
[Opening "Vienna game"] 
[PlyCount "53"]
[EventDate "2022.01.10"]
[EventRounds "7"]
[EventCountry "ITA"]
[Annotator "Bersca0.53"]

1. e4 e5 2. Nc3 Nf6 3. Bc4 d5 4. exd5 c5 5. d3 b6 6. Bb5+ Nbd7 7. Nf3 Be7 8. O-O
Bd6 9. Ng5 O-O 10. Qe2 g6 11. Nf3 Bb7 12. Bg5 Qc7 13. Bxf6 Nxf6 14. Bc4 Rfe8 15.
d4 exd4 16. Qd1 dxc3 17. bxc3 Bf4 18. Ne1 Ne4 19. f3 Nxc3 20. Qd3 Nxd5 21. Bxd5
Qd7 22. Rd1 Rad8 23. Qd2 Bxd2 24. Rxd2 Bxd5 25. c4 Bxc4 26. Rc2 Bd5 27. f4 0-1

[Event "7° Torneo Sociale ASCId"]
[Site "Skype"]
[Date "2022.03.18"]
[Round "5"]
[White "Antonini, Franco"]
[Black "Marinò, Giuseppe"]
[Result "1-0"]
[WhiteElo "2082"]
[BlackElo "1339"]
[ECO "C41"]
[Opening "Philidor"]
[Variation "exchange variation"]
[PlyCount "59"]
[TimeControl "5400"]
[EventDate "2022.01.10"]
[EventRounds "7"]
[EventCountry "ITA"]
[Annotator "Bersca0.53"]

1. e4 e5 2. Nf3 d6 3. d4 exd4 4. Nxd4 Nf6 5. Bd3 Be7 6. O-O O-O 7. h3 c6 8. f4
h6 9. Be3 a6 10. Nd2 Nh7 11. c3 Bf6 12. N2f3 Bxd4 13. cxd4 Be6 14. b3 b5 15. Qe1
a5 16. Rd1 f6 17. e5 fxe5 18. dxe5 d5 19. Nd4 Qe8 20. f5 Bf7 21. Qg3 Bh5 22.
Bxh6 Ra7 23. Rde1 Kh8 24. Be3 Rg8 25. Ne6 Rf7 26. Qh4 g6 27. Bg5 Nxg5 28. Nxg5
Qe7 29. Nxf7+ Qxf7 30. fxg6 1-0

[Event "7° Torneo Sociale ASCId"]
[Site "Skype"]
[Date "2022.03.16"]
[Round "5"]
[White "Baratta, Giuseppe"]
[Black "Maccaferri, Massimo"]
[Result "1-0"]
[WhiteElo "999"]
[BlackElo "1074"]
[ECO "C23"]
[Opening "Bishop's opening"]
[PlyCount "67"]
[TimeControl "5400"]
[EventDate "2022.01.10"]
[EventRounds "7"]
[EventCountry "ITA"]
[Annotator "Bersca0.53"]

1. e4 e5 2. Bc4 Nc6 3. Nf3 Nd4 4. Nxd4 exd4 5. d3 Qf6 6. O-O Qg6 7. Nd2 d5 8.
Qf3 dxe4 9. Nxe4 f5 10. Ng3 h5 11. Bb5+ c6 12. Re1+ Be7 13. Ba4 h4 14. Ne2 h3
15. Qg3 Rh6 16. Nf4 Qg4 17. Nxh3 Re6 18. Bd2 Rh6 19. Bxh6 gxh6 20. f3 Qxg3 21.
hxg3 Nf6 22. g4 fxg4 23. fxg4 Nxg4 24. Nf4 Ne3 25. c3 Nc2 26. Bxc2 c5 27. Ng6
Kf7 28. Nxe7 Be6 29. Rf1+ Kxe7 30. cxd4 cxd4 31. Rae1 Rg8 32. Bb3 h5 33. Bxe6
Rg3 34. Bg4+ 1-0

[Event "7° Torneo Sociale ASCId"]
[Site "Skype"]
[Date "2022.03.16"]
[Round "5"]
[White "Trapletti, Cosetta"]
[Black "Cassano, Mariangela"]
[Result "1-0"]
[WhiteElo "1245"]
[BlackElo "999"]
[Opening "Queen's bishop game"]
[PlyCount "115"]
[TimeControl "5400"]
[EventDate "2022.01.10"]
[EventRounds "7"]
[EventCountry "ITA"]
[Annotator "Bersca0.53"]

1. d4 d5 2. Nf3 Nf6 3. Bf4 Bf5 4. e3 e6 5. Be2 Be7 6. c3 O-O 7. O-O c6 8. Nbd2
Nbd7 9. Bd3 Bxd3 10. Re1 h6 11. c4 dxc4 12. Ne5 Nb6 13. Qc1 Nbd5 14. Ndxc4 b5
15. Nd2 a6 16. Nxd3 Nxf4 17. exf4 Bd6 18. Qxc6 Rc8 19. Qf3 e5 20. fxe5 Nd5 21.
exd6 Qxd6 22. Ne4 Qc7 23. Rac1 Qa5 24. Rxc8 Rxc8 25. Nd6 Rc6 26. Nxf7 Nb4 27.
Re8+ Kh7 28. Qf5+ g6 29. Rh8+ Kg7 30. Qe5+ Kxf7 31. Nf4 Nxa2 32. Nd5 Qe1+ 33.
Qxe1 Re6 34. Qf1 h5 35. h4 Nc3 36. Nxc3 b4 37. Nd5 Rd6 38. Rh7+ Ke6 39. Nf4+ Kf5
40. Nh3 Rxd4 41. Qb1+ Ke5 42. f4+ Kd5 43. Qxg6 Rd1+ 44. Kh2 Rd4 45. Rd7+ Kc4 46.
Qc6+ Kd3 47. Re7 Kd2 48. Qb6 Rd3 49. Qxb4+ Kc2 50. Qc4+ Kb1 51. Qxd3+ Ka2 52.
Qxa6+ Kxb2 53. Re3 Kc2 54. Qc4+ Kd1 55. Qe2+ Kc1 56. Qe1+ Kc2 57. Qc3+ Kd1 58.
Re1# 1-0

[Event "7° Torneo Sociale ASCId"]
[Site "Skype"]
[Date "2022.03.15"]
[Round "5"]
[White "Tolaro, Filippa"]
[Black "Micocci, Lucia"]
[Result "1-0"]
[WhiteElo "1335"]
[BlackElo "999"]
[ECO "A04"]
[Opening "Reti opening"]
[PlyCount "35"]
[TimeControl "5400"]
[EventDate "2022.01.10"]
[EventRounds "7"]
[EventCountry "ITA"]
[Annotator "Bersca0.53"]

1. Nf3 d6 2. d4 d5 3. b3 Nf6 4. e3 Bf5 5. Bb2 e6 6. Be2 Be7 7. O-O O-O 8. Nbd2
a6 9. Nh4 Be4 10. Nxe4 Nxe4 11. Nf3 Nc6 12. Bd3 Ng5 13. Ne5 Nb4 14. f4 c6 15.
fxg5 h6 16. gxh6 Bd6 17. Qg4 Qf6 18. Rxf6 1-0

[Event "7° Torneo Sociale ASCId"]
[Site "Skype"]
[Date "2022.03.25"]
[Round "6"]
[White "Micocci, Lucia"]
[Black "Antonini, Franco"]
[Result "0-1"]
[WhiteElo "999"]
[BlackElo "2082"]
[ECO "B00"]
[Opening "KP"]
[Variation "Nimzovich defence"]
[PlyCount "24"]
[TimeControl "5400"]
[EventDate "2022.01.10"]
[EventRounds "7"]
[EventCountry "ITA"]
[Annotator "Bersca0.53"]

1. e4 Nc6 2. Nf3 e5 3. Bc4 Bc5 4. d3 d6 5. Nc3 Bg4 6. O-O Nd4 7. Nd5 Nxf3+ 8.
gxf3 Bh3 9. Re1 c6 10. Nf4 Qg5+ 11. Kh1 exf4 12. c3 Qg2# 0-1

[Event "7° Torneo Sociale ASCId"]
[Site "Skype"]
[Date "2022.03.28"]
[Round "6"]
[White "Marinò, Giuseppe"]
[Black "Baratta, Giuseppe"]
[Result "1-0"]
[WhiteElo "1339"]
[BlackElo "999"]
[ECO "D00"]
[Opening "Queen's pawn, Mason variation"]
[PlyCount "125"]
[TimeControl "5400"]
[EventDate "2022.01.10"]
[EventRounds "7"]
[EventCountry "ITA"]
[Annotator "Bersca0.53"]

1. d4 d5 2. Bf4 e6 3. e3 Bd6 4. Bxd6 cxd6 5. Nf3 Nf6 6. Bd3 O-O 7. O-O Re8 8.
Nbd2 Nbd7 9. c3 Qb6 10. Qc2 e5 11. dxe5 Nxe5 12. Nxe5 dxe5 13. Nf3 e4 14. Nd4
exd3 15. Qxd3 Qxb2 16. Rfb1 Qa3 17. Rb3 Qe7 18. h3 Bd7 19. Rxb7 Rab8 20. Nc6
Bxc6 21. Rxe7 Rxe7 22. Qa6 Bb5 23. Qd6 Rbe8 24. Rb1 Ne4 25. Qxd5 Ba6 26. Rb3 Nf6
27. Qc6 Bc8 28. c4 Bd7 29. Qd6 Re6 30. Qd3 Ra6 31. a3 Ba4 32. Rb4 Bd7 33. c5 Rc6
34. Qd4 a5 35. Rb7 Rcc8 36. a4 Rcd8 37. Ra7 Bc6 38. Qc4 Rd1+ 39. Kh2 Bd5 40. Qc2
Ra1 41. c6 Ra2 42. Qc5 Rxf2 43. e4 Bxe4 44. Qxf2 Bxc6 45. Rxa5 Ne4 46. Qe3 Nd6
47. Qd2 Nc4 48. Qb4 Nxa5 49. Qxa5 h6 50. Qc5 Bxa4 51. Qd4 Bc6 52. Qd6 Bb7 53.
Qd7 Rb8 54. Qc7 Rc8 55. Qxb7 Rf8 56. Qe7 f6 57. Kg3 f5 58. Kh4 Rf6 59. Kh5 Kh7
60. Kh4 f4 61. Kg4 Kg6 62. Qe4+ Rf5 63. Qxf5# 1-0

[Event "7° Torneo Sociale ASCId"]
[Site "Skype"]
[Date "2022.03.29"]
[Round "6"]
[White "Maccaferri, Massimo"]
[Black "Cassano, Mariangela"]
[Result "1-0"]
[WhiteElo "1074"]
[BlackElo "999"]
[ECO "C20"]
[Opening "King's pawn game"]
[PlyCount "95"]
[TimeControl "5400"]
[EventDate "2022.01.10"]
[EventRounds "7"]
[EventCountry "ITA"]
[Annotator "Bersca0.53"]

1. e4 e5 2. b3 c6 3. Ba3 d6 4. d4 Nd7 5. dxe5 Nxe5 6. Bc4 Be7 7. Qh5 Nf6 8. Qg5
Nxe4 9. Qxg7 Rf8 10. Nf3 Bf6 11. Qxh7 Nxc4 12. Qxe4+ Be7 13. bxc4 d5 14. cxd5
cxd5 15. Qe3 b6 16. Nc3 d4 17. Bxe7 Qxe7 18. Qxe7+ Kxe7 19. Nd5+ Kd6 20. Nf6 Be6
21. Nxd4 Rac8 22. O-O-O Bg4 23. f3 Be6 24. Rhe1 Rc4 25. Nxe6+ Kc6 26. Nxf8 Ra4
27. Re7 Rxa2 28. Kb1 Ra3 29. Kb2 Ra4 30. Kb3 Rf4 31. Rxf7 Kc5 32. Ne4+ Kb5 33.
Rd5+ Kc6 34. Rd6+ Kb5 35. Rxf4 Ka6 36. Nc5+ Kb5 37. Rb4+ Kxc5 38. Rdd4 a5 39.
Ra4 b5 40. Ne6+ Kc6 41. Rxa5 Kb6 42. Kb4 Kc6 43. c4 bxc4 44. Rc5+ Kb6 45. Rd6+
Kb7 46. Kb5 Kb8 47. Kb6 Ka8 48. Rd8# 1-0

[Event "7° Torneo Sociale ASCId"]
[Site "Skype"]
[Date "2022.03.31"]
[Round "6"]
[White "Tolaro, Filippa"]
[Black "Trapletti, Cosetta"]
[Result "1-0"]
[WhiteElo "1335"]
[BlackElo "1245"]
[ECO "A06"]
[Opening "Reti opening"]
[PlyCount "133"]
[TimeControl "5400"]
[EventDate "2022.01.10"]
[EventRounds "7"]
[EventCountry "ITA"]
[Annotator "Bersca0.53"]

1. Nf3 d5 2. d4 Nf6 3. e3 e6 4. Bd3 Bd6 5. b3 c5 6. Bb2 O-O 7. O-O Nc6 8. Nbd2
Re8 9. Bb5 Bd7 10. Ne5 Re7 11. f4 a6 12. Bd3 Rc8 13. c4 Nb4 14. dxc5 Bxc5 15.
Bd4 Bxd4 16. exd4 Nxd3 17. Nxd3 b5 18. Ne5 Be8 19. a4 bxc4 20. bxc4 dxc4 21.
Ndxc4 Ne4 22. Qd3 Qd5 23. Nb6 Qd8 24. Nxc8 Qxc8 25. Qxe4 f6 26. Rfc1 Qd8 27. Nc6
Bxc6 28. Qxc6 Qxd4+ 29. Kf1 Qxf4+ 30. Ke1 Qe3+ 31. Kd1 Qd3+ 32. Ke1 Rd7 33. Rd1
Qe3+ 34. Kf1 Qf4+ 35. Kg1 Qe3+ 36. Kf1 Qf4+ 37. Qf3 Qc7 38. Qa8+ Kf7 39. Rxd7+
Qxd7 40. Qxa6 f5 41. g3 Kf6 42. Rb1 Kg5 43. h4+ Kh5 44. Qc4 e5 45. Kf2 e4 46. a5
Qd2+ 47. Kg1 e3 48. Qf7+ g6 49. Qxh7+ Kg4 50. Qxg6+ Kf3 51. Rf1+ Ke4 52. Qxf5+
Kd4 53. Qf6+ Kd3 54. a6 e2 55. Qd6+ Ke3 56. Qxd2+ Kxd2 57. a7 e1=Q 58. Rxe1 Kxe1
59. a8=Q Ke2 60. Qe4+ Kd2 61. Kf2 Kc3 62. Ke3 Kb3 63. Kd3 Kb2 64. Qb4+ Kc1 65.
Qd2+ Kb1 66. Kc3 Ka1 67. Qb2# 1-0

[Event "7° Torneo Sociale ASCId"]
[Site "Skype"]
[Date "2022.04.05"]
[Round "7"]
[White "Antonini, Franco"]
[Black "Tolaro, Filippa"]
[Result "1-0"]
[WhiteElo "2082"]
[BlackElo "1335"]
[ECO "B12"]
[Opening "Caro-Kann"]
[Variation "advance variation"]
[PlyCount "81"]
[TimeControl "5400"]
[EventDate "2022.01.10"]
[EventRounds "7"]
[EventCountry "ITA"]
[Annotator "Bersca0.53"]

1. e4 c6 2. d4 d5 3. e5 Bf5 4. g4 Bg6 5. h4 h5 6. e6 Nf6 7. g5 Ne4 8. Bd3 Qd6 9.
exf7+ Bxf7 10. Ne2 e6 11. Bf4 Qd8 12. f3 Nxg5 13. Bxg5 Be7 14. f4 Nd7 15. Nbc3
Bf6 16. Qd2 Qb6 17. f5 O-O-O 18. O-O-O c5 19. Bxf6 Nxf6 20. Na4 Qc7 21. Nxc5 Ng4
22. fxe6 Nf2 23. exf7 Nxh1 24. Bf5+ Kb8 25. Ne6 Qxf7 26. Qf4+ Ka8 27. Nc7+ Kb8
28. Rxh1 Rhf8 29. Nc3 Qxc7 30. Qg5 a6 31. Qxh5 b5 32. Be6 Rf4 33. Nxd5 Rxd4 34.
Nxc7 Kxc7 35. Qc5+ Kb8 36. Qb6+ Ka8 37. Bc8 Rxc8 38. Qxd4 Kb8 39. Rf1 Kc7 40.
Rf7+ Kb8 41. Qa7# 1-0